cohdb
Replays
Latest Replays
All Replays
Popular Replays
Top Player Replays
Match Explorer
How It Works
Community
CoH3 Stats
Reddit
Sign in to upload your games and track your stats! →
Sign in with Steam
Match 42533924
Unlisted
Match 42533924
Overview
Messages
Build Orders
End
Construct Section Command Post
Selects Canadian Shock Battlegroup
Infantry Section
Infantry Section
Infantry Section
Construct Platoon Command Post
Humber Armored Car
Selects Burnout
Selects Attacking Spirit
Selects Canadian Shock Section
Vickers Machine Gun Team
Unlock Bishop Self-propelled Artillery
Construct Field Infirmary
Bishop Self-propelled Artillery
6-pounder Anti-tank Gun Team
Selects Burnout
Selects Pyrotechnics
Burnout
Canadian Shock Section
Grenade Package
Construct Company Command Post
MrMisrulent
Surveillance-Buoy 2
~TAB~ THUND3RCHUNKY
Project KV
0
0
Comments
sign in to comment!
No comments posted yet!